Map: Oxide LE

Players

HeroMarine - Winner!

  • Race: Terran Terran

Vanya

  • Race: Zerg Zerg

Event: DreamHack SC2 Masters 2021 Fall

VOD

Have the link to the VOD?

Description

Time

  • Played on: July 28, 2021, 2:30 p.m.
  • Length: 11:30

All games in this series

Show
View Real Time Build Order
Export as new Build Order

HeroMarine Terran - Winner!

Build Orders: Reaper Expand, Hellion Banshee 

Get SALT Encoding   

  12  0:00  SCV  
  13  0:14  SCV  
  13  0:17  Supply Depot  
  14  0:26  SCV  
  15  0:39  SCV, Barracks  
  16  0:43  Refinery  
  16  0:51  SCV  
  17  1:03  SCV  
  18  1:15  SCV  
  19  1:26  Reaper  
  19  1:27  Orbital Command  
  20  1:39  Command Center  
  20  1:48  Supply Depot  
  20  1:52  SCV  
  21  1:58  Marine  
  22  2:05  SCV  
  22  2:08  Factory  
  23  2:17  SCV  
  23  2:20  Barracks Reactor  
  24  2:29  SCV  
  25  2:39  Command Center  
  25  2:41  SCV  
  26  2:51  Orbital Command  
  26  2:53  SCV  
  27  3:02  Starport  
  27  3:06  SCV  
  27  3:10  Hellion  
  27  3:11  Hellion  
  32  3:14  Refinery  
  32  3:18  SCV  
  32  3:19  SCV  
  34  3:25  Barracks Tech Lab  
  34  3:30  SCV  
  34  3:31  SCV  
  34  3:32  Hellion  
  38  3:34  Hellion  
  40  3:42  SCV  
  40  3:43  SCV  
  42  3:49  Banshee  
  42  3:52  Orbital Command  
  42  3:54  SCV  
  42  3:55  SCV, Hellion  
  48  3:58  Hellion  
  48  4:00  Cloaking Field  
  51  4:06  Supply Depot  
  51  4:07  SCV  
  51  4:08  SCV  
  51  4:09  Barracks Tech Lab  
  53  4:19  SCV  
  53  4:20  SCV  
  53  4:21  Hellion  
  53  4:22  Hellion  
  53  4:24  Orbital Command  
  60  4:29  Marine, Stimpack  
  60  4:31  SCV  
  60  4:32  Supply Depot, SCV  
  60  4:38  Barracks  
  62  4:39  Barracks  
  62  4:42  Banshee  
  62  4:44  SCV  
  62  4:45  SCV  
  67  4:47  Marine  
  67  4:51  Refinery, SCV  
  67  4:52  Refinery, Factory Reactor  
  69  4:55  Supply Depot  
  69  4:57  SCV x2  
  71  5:03  SCV  
  71  5:05  Marine, Engineering Bay  
  71  5:07  Engineering Bay  
  73  5:09  SCV x2  
  75  5:15  SCV  
  75  5:21  SCV x2  
  78  5:23  Marine  
  78  5:24  Supply Depot  
  78  5:25  Supply Depot  
  78  5:27  SCV  
  80  5:33  SCV, Starport Reactor  
  80  5:34  Barracks  
  80  5:35  Terran Infantry Armor Level 1, SCV, Terran Infantry Weapons Level 1  
  81  5:36  Barracks  
  81  5:38  Marine  
  81  5:40  Marine x2  
  85  5:45  Marine x2, SCV  
  85  5:48  SCV  
  85  5:49  Supply Depot x2  
  89  5:52  SCV  
  89  5:56  Marine  
  91  5:58  Marine x2, SCV, Siege Tank  
  91  6:02  SCV, Supply Depot  
  91  6:03  Marine  
  99  6:04  Marine, SCV  
  102  6:11  SCV  
  102  6:14  Marine, SCV  
  102  6:16  Marine x2  
  102  6:17  Medivac x2  
  110  6:21  Supply Depot x2, SCV  
  110  6:23  SCV  
  112  6:26  Barracks Reactor x2  
  112  6:28  Marine x2  
  112  6:29  Supply Depot  
  114  6:36  Marine  
  114  6:37  Marine  
  103  6:40  SCV x3  
  103  6:41  Widow Mine  
  103  6:42  Armory  
  103  6:44  Marine  
  103  6:46  Marine x2  
  108  6:48  Refinery  
  108  6:51  Factory  
  108  6:52  SCV x2  
  108  6:53  Medivac x2  
  114  6:55  Marine x2  
  114  7:00  Supply Depot  
  116  7:02  Marine  
  116  7:03  Marine, Supply Depot, Widow Mine  
  116  7:04  Marine x3  
  116  7:06  Marine  
  116  7:07  Marine  
  125  7:13  Marine  
  125  7:15  Marine  
  125  7:20  Marine  
  121  7:23  Marine x3  
  121  7:24  Marine x2  
  121  7:25  Medivac x2  
  121  7:28  Widow Mine  
  132  7:31  Marine x2, Command Center  
  132  7:33  Marine, Sensor Tower  
  135  7:38  Marine  
  135  7:39  Factory Reactor  
  135  7:40  Marine  
  135  7:41  Marine x3  
  135  7:43  Drilling Claws  
  135  7:44  Terran Infantry Weapons Level 2  
  140  7:45  Marine  
  140  7:49  Marine x2, Combat Shield  
  140  7:51  Marine  
  144  7:56  Marine  
  128  7:58  Marine x2  
  128  7:59  Marine x2  
  128  8:00  Widow Mine  
  128  8:01  Medivac  
  128  8:05  Marine  
  134  8:07  Marine x2  
  134  8:09  Marine  
  134  8:12  Medivac  
  139  8:13  Marine, Supply Depot  
  139  8:14  Supply Depot  
  139  8:16  Marine x2  
  139  8:17  Marine x2  
  144  8:22  Marine  
  144  8:25  Marine x2  
  144  8:26  Marine  
  148  8:27  Terran Infantry Armor Level 2  
  148  8:29  Widow Mine x2  
  148  8:30  Widow Mine  
  148  8:31  Marine  
  148  8:34  Marine x2  
  151  8:35  Marine x2  
  144  8:44  Marine x2  
  144  8:46  Medivac x2  
  145  8:50  Widow Mine x2  
  145  8:51  SCV x3, Widow Mine  
  145  8:52  Marine x2  
  145  8:53  Marine  
  145  8:54  Marine  
  158  8:58  Marine x2, Terran Vehicle And Ship Armor Level 1  
  158  9:00  Marine  
  158  9:02  Marine  
  161  9:10  SCV x3  
  161  9:12  Widow Mine x2  
  160  9:19  Marine  
  160  9:21  Marine x5  
  160  9:22  Marine x3  
  160  9:23  Widow Mine  
  160  9:24  Liberator  
  155  9:32  Planetary Fortress, Liberator  
  155  9:33  Widow Mine x2  
  155  9:36  Marine  
  163  9:39  Marine x8  
  149  9:54  Marine, Widow Mine x2  
  149  9:56  Marine  
  149  9:57  Marine x7  
  149  9:59  Widow Mine  
  164  10:02  Barracks  
  164  10:03  Barracks  
  164  10:12  Marine  
  162  10:14  Marine x2  
  162  10:15  Marine x6, Widow Mine  
  162  10:19  Liberator  
  175  10:29  Refinery  
  175  10:30  Refinery, Marine, Liberator  
  175  10:32  Marine x3, Barracks  
  175  10:33  Marine x5  
  187  10:36  Siege Tank  
  188  10:48  Marine  
  186  10:50  Marine x5  
  186  10:51  Marine x3  
  189  11:03  Widow Mine x2  
  190  11:05  Marine  
  190  11:08  Marine x6  
  190  11:09  Marine x2  
  195  11:15  Barracks Tech Lab x2, Command Center  
Show
View Real Time Build Order
Export as new Build Order

Vanya Zerg 

Build Orders: Hatch First, Lurkers 

Get SALT Encoding   

  12  0:00  Drone  
  13  0:12  Overlord  
  13  0:18  Drone  
  14  0:31  Drone x2  
  16  0:47  Hatchery  
  15  0:50  Drone  
  15  0:54  Drone  
  17  0:57  Drone  
  18  1:08  Extractor  
  17  1:12  Spawning Pool  
  17  1:16  Drone  
  17  1:19  Drone  
  18  1:27  Drone  
  19  1:38  Drone  
  20  1:49  Drone  
  21  1:59  Queen x2  
  21  2:00  Zergling x4  
  27  2:11  Overlord  
  27  2:13  Zergling x2  
  28  2:21  Hatchery  
  27  2:23  Drone  
  27  2:29  Metabolic Boost  
  27  2:32  Drone  
  27  2:33  Drone  
  29  2:37  Drone  
  29  2:44  Queen  
  30  2:48  Overlord  
  30  2:50  Drone  
  33  2:53  Drone  
  33  2:55  Drone  
  35  3:09  Drone x3  
  35  3:10  Drone  
  35  3:11  Overlord  
  39  3:14  Queen  
  39  3:18  Drone x2  
  43  3:27  Overlord  
  43  3:28  Queen  
  43  3:33  Drone  
  43  3:34  Queen  
  46  3:37  Drone  
  46  3:40  Zergling x2  
  46  3:41  Zergling x2  
  51  3:44  Overlord  
  51  3:46  Drone  
  51  3:48  Drone  
  53  3:52  Zergling x2  
  54  3:57  Zergling x4  
  54  3:58  Drone x4  
  60  4:04  Drone  
  60  4:05  Queen  
  60  4:07  Drone x2  
  65  4:15  Drone  
  66  4:19  Overlord  
  66  4:26  Overlord  
  66  4:32  Overlord  
  66  4:39  Zergling x6  
  66  4:40  Drone x5, Evolution Chamber x2  
  66  4:44  Extractor  
  66  4:45  Extractor, Spore Crawler x2  
  70  4:46  Spore Crawler  
  70  4:47  Drone x4  
  70  4:52  Lair  
  71  4:53  Drone  
  71  4:56  Drone  
  71  4:59  Baneling Nest  
  73  5:00  Drone x2  
  73  5:03  Drone x2  
  76  5:08  Zerg Melee Weapons Level 1  
  76  5:10  Drone x4  
  80  5:14  Overlord  
  80  5:15  Drone x2  
  82  5:21  Drone  
  82  5:22  Drone x3  
  86  5:31  Hatchery, Overlord  
  86  5:32  Zergling x4  
  87  5:38  Extractor, Drone x4  
  87  5:39  Extractor  
  89  5:46  Drone  
  89  5:48  Drone x2, Overlord  
  92  5:50  Overseer  
  92  5:52  Zergling x6  
  92  5:54  Overseer  
  92  5:55  Centrifical Hooks  
  95  6:03  Overlord  
  95  6:04  Zergling x2  
  95  6:05  Zergling x14  
  95  6:06  Zergling x2  
  103  6:13  Drone  
  103  6:17  Drone x2  
  101  6:22  Drone x2  
  103  6:27  Drone x4  
  103  6:28  Zerg Ground Armor Level 1  
  103  6:29  Baneling x2  
  103  6:30  Baneling x4  
  103  6:32  Drone x5  
  110  6:42  Overlord  
  110  6:43  Drone x5  
  115  6:48  Drone  
  115  6:51  Queen  
  115  6:53  Zergling x2, Spore Crawler  
  118  6:56  Baneling x4  
  118  7:05  Overlord  
  118  7:07  Zergling x6, Drone  
  118  7:08  Zergling x6  
  125  7:10  Zerg Melee Weapons Level 2  
  125  7:15  Overlord  
  125  7:16  Overlord x3  
  125  7:21  Overlord  
  124  7:23  Baneling x12  
  124  7:28  Zergling x6  
  127  7:30  Hatchery  
  127  7:36  Drone x3  
  129  7:38  Extractor  
  129  7:39  Drone x3  
  129  7:40  Infestation Pit  
  129  7:41  Hydralisk Den  
  129  7:43  Drone x3  
  130  7:45  Zergling x14  
  130  7:49  Baneling x6  
  130  7:50  Zergling x2  
  130  7:51  Zergling x2  
  138  7:57  Zergling x4  
  127  8:02  Zergling x10  
  127  8:03  Queen  
  127  8:04  Overseer x2  
  127  8:05  Pneumatized Carapace  
  129  8:06  Zergling x14  
  136  8:16  Hive  
  136  8:17  Zergling x12  
  136  8:18  Lurker Den, Baneling x2  
  138  8:24  Zergling x8  
  141  8:31  Zergling x6  
  134  8:38  Zergling x2  
  134  8:39  Zergling x18  
  132  8:45  Lurker Den  
  132  8:47  Zergling x10  
  135  8:52  Extractor x2  
  135  8:54  Drone  
  134  8:55  Zerg Ground Armor Level 2  
  134  9:01  Zergling x20  
  144  9:04  Baneling x11  
  144  9:09  Overlord  
  141  9:13  Zergling x2  
  141  9:14  Zergling x14  
  141  9:16  Baneling x12  
  141  9:17  Zergling x4, Baneling x8  
  134  9:21  Drone x2  
  134  9:26  Hydralisk x4  
  137  9:32  Zergling x16  
  137  9:36  Drone x3  
  148  9:43  Adrenal Glands  
  147  9:52  Extractor, Zergling x8  
  140  9:53  Zergling x14  
  140  9:55  Extractor, Seismic Spines  
  145  10:02  Drone x2  
  145  10:03  Lurker  
  145  10:04  Lurker x2  
  145  10:05  Drone  
  145  10:06  Drone x2  
  153  10:11  Drone  
  150  10:15  Drone  
  150  10:18  Zergling x2, Lurker  
  150  10:19  Zergling x24  
  164  10:22  Overlord x2  
  164  10:26  Overlord  
  162  10:34  Overlord  
  157  10:37  Hydralisk  
  157  10:38  Zergling x6  
  157  10:41  Drone  
  157  10:42  Drone x7  
  152  10:47  Drone  
  152  10:49  Drone  
  149  10:50  Drone x3  
  149  10:51  Hydralisk x3  
  154  10:58  Baneling x10  
  154  11:03  Zergling x14  
  147  11:07  Zergling x2  
  147  11:08  Zergling x8  

Tags
 
Add a new tag
Caveats
  • Supply blocks, unpowered buildings, or Contaminate may cause inaccurate times.
  • Supply counts are checked every 10 seconds.